 Dungeon Crawl Stone Soup version 0.28.0 (webtiles) character file.

Game seed: 8038822647749302674

196325 porkupine the Warrior (level 17, -6/145 (160) HPs)
             Began as a Grey Draconian Monk on Feb 14, 2022.
             Was the Champion of Ru.
             Mangled by a tarantella (7 damage)
             ... on level 2 of the Spider Nest on Feb 15, 2022.
             The game lasted 03:57:21 (45022 turns).

porkupine the Warrior (Grey Draconian Monk)        Turns: 45022, Time: 03:57:22

HP:   -6/145 (160)  AC: 22    Str: 22      XL:     17   Next: 74%
MP:   31/31         EV: 11    Int: 21 (22) God:    Ru [******]
Gold: 1255          SH:  0    Dex: 18      Spells: 13/37 levels left

rFire   . . .      SeeInvis .   Y - staff of poison
rCold   . . .      Faith    .   (no shield)
rNeg    . . .      Spirit   .   (armour unavailable)
rPois   +          Reflect  +   n - +0 hat of the Ninety-Nine Ghosts {rElec Regen+ Str+7}
rElec   +          Harm     .   d - +2 cloak
rCorr   .          Rampage  .   O - +1 pair of gloves {Dex+3}
Will    +....                   G - +2 pair of boots {Stlth+}
Stlth   +++.......              s - amulet of reflection
HPRegen 1.14/turn               w - ring of wizardry
MPRegen 0.22/turn               p - +6 ring of intelligence

@: confused, lethally poisoned (-6 -> -35), unable to drink, drained
A: AC +14, amphibious, unfitting armour, cold-blooded, inability to drink while
threatened, hated by all, inability to train dodging, no air magic, no
translocations magic, no transmutations magic
}: 1/15 runes: barnacled
a: Renounce Religion, Draw Out Power, Power Leap, Apocalypse


You were on level 2 of the Spider Nest.
You worshipped Ru.
Ru was exalted by your worship.
You visited 5 branches of the dungeon, and saw 28 of its levels.
You also visited: Bailey.

You collected 3237 gold pieces.
You spent 1982 gold pieces at shops.

Inventory:

Hand Weapons
 a - a +7 vampiric halberd
 b - a +4 scimitar of flaming
 v - the +10 battleaxe of the Genius {pain, rF+ Will+}
   (You found it on level 3 of the Lair of Beasts)

   In the hands of one skilled in necromantic magic, it inflicts extra damage on
   living creatures.
   rF:        It protects you from fire.
   Will:      It increases your willpower.
 z - the +7 triple sword of Odocs {venom, rElec Int+3}
   (You found it in a bailey)

   It poisons the flesh of those it strikes.
   Int:       It affects your intelligence (+3).
   rElec:     It insulates you from electricity.
Missiles
 k - 28 poisoned darts (quivered)
 y - 36 javelins
 D - a curare-tipped dart
 I - 5 throwing nets
 K - 10 atropa-tipped darts
 Q - 29 boomerangs
 T - 12 silver boomerangs
Armour
 d - a +2 cloak (worn)
 n - the +0 hat of the Ninety-Nine Ghosts (worn) {rElec Regen+ Str+7}
   (You acquired it on level 7 of the Dungeon)

   Str:       It affects your strength (+7).
   rElec:     It insulates you from electricity.
   Regen:     It increases your rate of health regeneration.
 G - a +2 pair of boots of stealth (worn)
 O - a +1 pair of gloves of dexterity (worn)
Magical Staves
 C - a staff of cold
 L - a staff of earth
 X - a staff of conjuration
 Y - a staff of poison (weapon)
Jewellery
 g - a +4 ring of evasion
 p - a +6 ring of intelligence (right hand)
 s - an amulet of reflection (around neck)
 w - a ring of wizardry (left hand)
 A - a ring of protection from cold
Wands
 i - a wand of iceblast (27)
 u - a wand of polymorph (27)
 E - a wand of flame (30)
 F - a wand of acid (5)
 J - a wand of paralysis (12)
 R - a wand of digging (6)
Scrolls
 e - a scroll of magic mapping
 f - 8 scrolls of blinking
 q - 8 scrolls of teleportation
 r - 4 scrolls of fog
 B - 3 scrolls of fear
 M - a scroll of silence
 P - a scroll of amnesia
 U - 2 scrolls of holy word
Potions
 c - 3 potions of attraction
 h - 9 potions of flight
 j - 10 potions of ambrosia
 l - 3 potions of berserk rage
 m - 4 potions of curing
 o - 3 potions of cancellation
 t - 5 potions of heal wounds
 x - 2 potions of resistance
 N - a potion of invisibility
 S - 2 potions of might
 V - a potion of brilliance {unknown}
Miscellaneous
 H - a tin of tremorstones (2/2)
 W - a phial of floods


   Skills:
 * Level 16.9 Fighting
 + Level 9.0 Long Blades
 + Level 5.5(10.1) Axes
 + Level 13.1(13.5) Polearms
 + Level 11.1 Stealth
 + Level 10.8 Spellcasting
 - Level 7.3 Conjurations
 + Level 8.8 Necromancy
 - Level 7.3 Fire Magic
 - Level 10.0 Earth Magic
 + Level 10.8 Evocations


You had 13 spell levels left.
You knew the following spells:

 Your Spells              Type           Power      Damage    Failure   Level
a - Sticky Flame          Conj/Fire      42%        2d6       1%          4
b - Dispel Undead         Necr           48%        3d18      1%          4
c - Vampiric Draining     Necr           48%        2d9       1%          3
d - Borgnjor's Vile Clut  Necr/Erth      25%        N/A       1%          5
f - Stone Arrow           Conj/Erth      94%        3d12      1%          3
g - Lee's Rapid Deconstr  Erth           26%        3d15*     1%          5

Your spell library contained the following spells:

 Spells                   Type           Power      Damage    Failure   Level
 Pain                     Necr           100%       1d9       1%          1
 Sandblast                Erth           100%       2d20      1%          1
 Excruciating Wounds      Necr           24%        N/A       1%          5
 Ensorcelled Hibernation  Hex/Ice        22%        N/A       3%          2
 Fulminant Prism          Conj/Hex       13%        3d9       5%          4
 Frozen Ramparts          Ice            22%        1d4       8%          3
 Ozocubu's Armour         Ice            11%        N/A       8%          3
 Metabolic Englaciation   Hex/Ice        5%         N/A       52%         5
 Ozocubu's Refrigeration  Ice            5%         4d6       100%        7
 Animate Skeleton         Necr           Unusable   N/A       N/A         1
 Passwall                 Tmut/Erth      Unusable   N/A       N/A         2
 Static Discharge         Conj/Air       Unusable   N/A       N/A         2
 Animate Dead             Necr           Unusable   N/A       N/A         4
 Petrify                  Tmut/Erth      Unusable   N/A       N/A         4
 Iskenderun's Mystic Bla  Conj/Tloc      Unusable   2d7       N/A         4
 Portal Projectile        Hex/Tloc       Unusable   N/A       N/A         3
 Swiftness                Air            Unusable   N/A       N/A         3
 Death Channel            Necr           Unusable   N/A       N/A         6
 Ice Form                 Ice/Tmut       Unusable   N/A       N/A         4
 Summon Ice Beast         Ice/Summ       Unusable   N/A       N/A         4
 Statue Form              Tmut/Erth      Unusable   N/A       N/A         6
 Blade Hands              Tmut           Unusable   N/A       N/A         5

Dungeon Overview and Level Annotations

Branches:
Dungeon (13/15)            Temple (0/1) D:5            Lair (6/6) D:8
 Shoals (4/4) Lair:4       Spider (3/4) Lair:3        Slime (0/5) Lair:6
    Orc (2/2) D:12            Elf (0/3) Orc:2        Bailey (visited)
 Vaults: D:13-14

Altars:
Ashenzari
Cheibriados
Dithmenos
Elyvilon
Makhleb
Okawaru
Qazlal
Ru
Wu Jian
Xom
The Shining One
Beogh

Shops:
D:2 (   D:5 (   D:9 =   Orc:2 [*(:

Portals:
Hell: Lair:6

Annotations:
D:5 3 runed translucent doors, Vixxxy's ghost, amateur OgHu
Lair:2 3 runed translucent doors, dontdoit's ghost, journeyman HuWn
Shoals:3 2 transporters, Zipteul's ghost, adept NaBe


Innate Abilities, Weirdness & Mutations

Your dull iron-grey scales are very hard. (AC +14)
You are amphibious.
You cannot fit into any form of body armour.
You are cold-blooded and may be slowed by cold attacks.
You sometimes lose the ability to drink potions when taking damage.
You are hated by all.
You cannot train Dodging skill.
You cannot study or cast Air magic.
You cannot study or cast Translocations magic.
You cannot study or cast Transmutations magic.


Message History

You miss the redback.
You feel very sick.
The tarantella is stunned by your conviction and fails to attack.
The demonic crawler shrieks in warning!
The tarantella touches you but does no damage.
The redback bites you but does no damage.
The pharaoh ant bites you but does no damage.
The tarantella touches you.
* * * LOW HITPOINT WARNING * * *
You are more confused.
You focus your inner power and illuminate the tarantella in retribution!
You cannot drink potions in your current state!
You are too confused!
You are too confused!
You feel a sense of dread.
a - a +7 vampiric halberd (weapon)
You feel sick. The demonic crawler closely misses you.
The demonic crawler hits you but does no damage.
The demonic crawler hits you.
* * * LOW HITPOINT WARNING * * *
The tarantella touches you but does no damage.
The redback bites you.
* * * LOW HITPOINT WARNING * * *
You are lethally poisoned!
The redback poisons you!
You focus your inner power and blind the redback in retribution!
You feel the dreadful sensation subside.
Y - a staff of poison (weapon)
* * * LOW HITPOINT WARNING * * *
You feel very sick. The pharaoh ant bites you.
* * * LOW HITPOINT WARNING * * *
The tarantella closely misses you.
The demonic crawler hits you but does no damage. x2
The demonic crawler completely misses you.
You bump into the rock wall.
* * * LOW HITPOINT WARNING * * *
You feel extremely sick. The tarantella touches you!
You die...

### #####.# #.#.†.## ####......##
^.#........# ..#.......##
..##......##########
...#.......#.^#s@s.##
...#.....###..#Bss..#
...#....^#.#.......###
#........#...........#
#.......###.........^# #
##...<..#.#......####### ### #
.###....#........#.....# #^### #
...#....#.......##....####...####
..^#....#.....###...#####....##.#


You could see a demonic crawler, a pharaoh ant, 2 tarantellas and a redback
(blind).

Vanquished Creatures
  Rupert (Orc:2)
  A kraken (Shoals:1)
  Polyphemus (Shoals:3)
  Ilsuiw (Shoals:3)
  2 ghost moths
  2 broodmothers
  A dire elephant (Lair:6)
  Snorg (D:12)
  6 merfolk javelineers
  17 merfolk impalers
  Josephine (D:11)
  10 hydras
  A catoblepas (Shoals:4)
  3 boulder beetles
  A radroach (Spider:1)
  A death knight (D:13)
  A centaur warrior (D:13)
  A merfolk avatar (Shoals:1)
  8 merfolk aquamancers
  3 alligator snapping turtles
  8 death yaks
  2 satyrs
  A deep troll earth mage (D:13)
  7 two-headed ogres
  An orc high priest (Orc:2)
  2 tengu warriors (D:13)
  An iron troll (shapeshifter) (D:13)
  12 sea snakes
  6 pharaoh ants
  A sixfirhy (Lair:6)
  A flayed ghost (D:13)
  6 steelbarb worms
  A sun moth (Spider:1)
  4 orb spiders
  A wizard (Lair:6)
  A kraken simulacrum (Shoals:4)
  Pikel (D:9)
  5 lindwurms
  22 harpies
  9 orc knights (Orc:2)
  9 wolf spiders
  2 deep elf pyromancers
  An orc sorcerer (Orc:1)
  A phantasmal warrior (D:13)
  13 fauns
  An ugly thing (D:13)
  12 manticores
  Maurice (D:9)
  7 merfolk sirens
  5 cyclopes
  7 black mambas
  7 water nymphs
  Joseph (D:7)
  A smoke demon (Lair:6)
  A cane toad (shapeshifter) (D:13)
  5 elephants (Lair:4)
  3 orange demons (Lair:6)
  3 unseen horrors
  A kobold demonologist (D:13)
  3 torpor snails (Spider:2)
  8 cane toads
  A gargoyle (D:13)
  A freezing wraith (D:13)
  5 rime drakes
  An efreet (D:11)
  5 demonic crawlers
  2 ice devils (Lair:6)
  12 komodo dragons
  A red devil (Lair:6)
  2 tengu conjurers (D:13)
  8 trolls
  47 merfolk
  A queen bee (D:10)
  3 meliai
  A hornet (D:6)
  9 wind drakes
  2 polar bears
  19 tarantellas
  Prince Ribbit (D:8)
  8 slime creatures
  14 blink frogs
  20 dream sheep
  14 snapping turtles
  9 culicivoras
  22 jumping spiders
  4 shadows
  17 water elementals
  10 wraiths
  8 wyverns
  40 yaks
  A basilisk (Lair:4)
  A basilisk (shapeshifter) (D:11)
  A fire elemental (D:11)
  4 steam dragons
  34 redbacks
  2 vampire mosquitoes (D:12)
  3 wargs (Orc:2)
  3 hell hounds (Lair:6)
  Duvessa (D:7)
  20 water moccasins
  2 ice beasts (D:7)
  2 black bears
  44 orc warriors
  A sky beast (D:7)
  8 ogres
  10 wolves
  A necrophage (D:6)
  17 centaurs
  A lemure (D:9)
  A kobold brigand (D:6)
  11 bullfrogs
  2 gnoll sergeants
  7 scorpions
  Dowan (D:7)
  A water moccasin skeleton (D:3)
  30 killer bees
  6 wights
  6 howler monkeys
  An electric eel (Lair:4)
  4 hounds
  3 centaur zombies
  6 jellies
  2 bullfrog skeletons
  A gnoll shaman (D:7)
  17 orc priests
  3 centaur skeletons
  Terence (D:3)
  3 iguanas
  20 orc wizards
  2 killer bee zombies
  A howler monkey zombie (D:6)
  Robin (D:4)
  7 adders
  11 gnolls
  A howler monkey skeleton (D:7)
  2 shadow imps
  3 white imps
  2 ufetubi
  3 worms
  3 dart slugs
  106 orcs
  9 ball pythons
  6 endoplasms
  6 giant cockroaches
  15 goblins
  6 hobgoblins
  11 kobolds
  3 quokkas
  3 bats
  3 frilled lizards
  6 rats
1026 creatures vanquished.

Vanquished Creatures (others)
  A hydra (Lair:6)
  A harpy (Shoals:2)
  2 wolf spiders (Spider:2)
  A manticore (Shoals:2)
  A water nymph (Shoals:2)
  A merfolk (Shoals:1)
  A tarantella (Spider:1)
  A snapping turtle (Shoals:4)
  A culicivora (Spider:1)
  2 yaks
  A water elemental (Shoals:1)
  A redback (Spider:2)
  A warg (Orc:2)
  2 orc warriors
  3 ogres
  4 orcs
  28 fungi
  66 plants
  12 tentacles
  4 toadstools (D:11)
134 creatures vanquished.

Grand Total: 1160 creatures vanquished

Notes
Turn   | Place    | Note
-------+----------+-------------------------------------------
     0 | D:1      | porkupine the Draconian Monk began the quest for the Orb.
     0 | D:1      | Reached XP level 1. HP: 19/19 MP: 1/1
    98 | D:1      | Found a faded altar of an unknown god.
   113 | D:1      | Prayed at the altar of an unknown god.
   113 | D:1      | Became a worshipper of Ru the Awakened
   130 | D:1      | Gained mutation: You are hated by all. [Ru sacrifice]
   130 | D:1      | Reached * piety under Ru
   130 | D:1      | Reached ** piety under Ru
   234 | D:1      | Reached XP level 2. HP: 21/27 MP: 2/2
   603 | D:2      | Reached skill level 4 in Fighting
   703 | D:2      | Reached skill level 1 in Spellcasting
   732 | D:2      | Found Famy's Antique Weapon Shop.
   795 | D:2      | Reached XP level 3. HP: 32/33 MP: 4/4
  1311 | D:2      | Reached XP level 4. HP: 41/41 MP: 6/6
  1620 | D:3      | Reached skill level 5 in Fighting
  1729 | D:3      | Noticed an ogre
  1790 | D:3      | Killed an ogre
  1791 | D:3      | Reached XP level 5. HP: 50/50 MP: 6/8
  1864 | D:3      | Gained mutation: You sometimes lose the ability to drink
                  | potions when taking damage. [Ru sacrifice]
  1864 | D:3      | Reached *** piety under Ru
  1886 | D:3      | Noticed Terence
  1903 | D:3      | Killed Terence
  1904 | D:3      | Reached skill level 6 in Fighting
  1913 | D:3      | Reached XP level 6. HP: 32/58 MP: 8/10
  2370 | D:3      | Found a stormy altar of Qazlal.
  2931 | D:4      | Reached skill level 7 in Fighting
  3009 | D:4      | Found a shimmering altar of Xom.
  3010 | D:4      | Noticed Robin
  3172 | D:4      | Killed Robin
  3705 | D:4      | Your scales start taking on a dull iron-grey colour.
  3705 | D:4      | Reached XP level 7. HP: 40/66 MP: 12/12
  3875 | D:5      | Entered Level 5 of the Dungeon
  4067 | D:5      | Found a glowing golden altar of the Shining One.
  4115 | D:5      | Found Mizif's Weapon Boutique.
  4123 | D:5      | Bought a +3 halberd of protection for 261 gold pieces
  4286 | D:5      | Identified the +0 ring mail of Fedhas's Reproof {rCorr}
  4295 | D:5      | Found a runed translucent gate.
  4311 | D:5      | Identified the +6 spear "Duoby" {vorpal, rElec Dex+4 SInv}
  4312 | D:5      | Noticed Vixxxy's ghost (amateur OgHu)
  4338 | D:5      | Found a runed translucent gate.
  4338 | D:5      | Found a runed translucent gate.
  4537 | D:5      | Found a staircase to the Ecumenical Temple.
  4626 | D:6      | Reached skill level 8 in Fighting
  4626 | D:6      | Reached skill level 1 in Evocations
  4849 | D:6      | Found a broken altar of Ashenzari.
  4873 | D:6      | Reached XP level 8. HP: 70/74 MP: 14/14
  5013 | D:6      | Learned a level 4 spell: Sticky Flame
  5030 | D:6      | Gained mutation: You cannot train Dodging skill. [Ru
                  | sacrifice]
  5030 | D:6      | Reached **** piety under Ru
  5030 | D:6      | Reached ***** piety under Ru
  5124 | D:6      | Reached skill level 1 in Fire Magic
  5152 | D:6      | Reached skill level 1 in Conjurations
  5354 | D:6      | Noticed a hornet
  5362 | D:6      | Paralysed by a hornet for 3 turns
  5366 | D:6      | Killed a hornet
  6186 | D:7      | Noticed Dowan
  6187 | D:7      | Noticed Duvessa
  6201 | D:7      | Killed Duvessa
  6202 | D:7      | Reached XP level 9. HP: 77/82 MP: 16/16
  6203 | D:7      | Killed Dowan
  6243 | D:7      | Noticed Joseph
  6256 | D:7      | Killed Joseph
  6299 | D:7      | Reached skill level 5 in Spellcasting
  6861 | D:7      | Noticed a troll
  6872 | D:7      | Killed a troll
  6906 | D:7      | Noticed a two-headed ogre
  6906 | D:7      | Noticed a boulder beetle
  7057 | D:7      | Reached skill level 9 in Fighting
  7057 | D:7      | Reached skill level 5 in Polearms
  7108 | D:7      | Killed an unseen horror
  7395 | D:7      | Noticed a troll
  7405 | D:7      | Killed a troll
  7406 | D:7      | Reached skill level 5 in Fire Magic
  7406 | D:7      | Reached XP level 10. HP: 83/91 MP: 9/18
  7489 | D:7      | Killed a two-headed ogre
  7490 | D:7      | Reached skill level 5 in Conjurations
  7523 | D:7      | Identified a scroll of acquirement
  7523 | D:7      | Acquired the +0 hat of the Ninety-Nine Ghosts {rElec Regen+
                  | Str+7}
  7536 | D:7      | Found a shadowy altar of Dithmenos.
  7651 | D:7      | Killed a boulder beetle
  7857 | D:7      | Gained mutation: You cannot study or cast Air magic. [Ru
                  | sacrifice]
  7857 | D:7      | Gained mutation: You cannot study or cast Transmutations
                  | magic. [Ru sacrifice]
  7857 | D:7      | Gained mutation: You cannot study or cast Translocations
                  | magic. [Ru sacrifice]
  7857 | D:7      | Reached ****** piety under Ru
  7997 | D:8      | You fall into a shaft and drop 1 floor!
  8128 | D:8      | Found a staircase to the Lair.
  8169 | D:8      | Reached skill level 5 in Stealth
  8511 | D:8      | Noticed Prince Ribbit
  8515 | D:8      | Killed Prince Ribbit
  8854 | D:8      | Reached skill level 5 in Evocations
  9159 | D:8      | Identified the +0 ring mail "Yrapn" {*Corrode Fly rN+}
  9552 | D:9      | Noticed a two-headed ogre
  9567 | D:9      | Killed a two-headed ogre
  9568 | D:9      | Reached XP level 11. HP: 99/99 MP: 6/20
  9667 | D:9      | Noticed Pikel
  9683 | D:9      | Killed Pikel
  9979 | D:9      | Found Erhourap's Jewellery Shoppe.
 10182 | D:9      | Found a white marble altar of Elyvilon.
 10203 | D:9      | Noticed Maurice
 10236 | D:9      | Killed Maurice
 10237 | D:9      | Reached skill level 10 in Fighting
 10537 | D:9      | Identified the +1 leather armour "Toruab" {Harm}
 10634 | D:10     | Entered Level 10 of the Dungeon
 10638 | D:10     | Noticed a two-headed ogre
 10640 | D:10     | Found an iron altar of Okawaru.
 10640 | D:10     | Found a flagged portal.
 10844 | Bailey   | Entered a bailey
 11295 | Bailey   | Identified the +7 triple sword of Odocs {venom, rElec
                  | Int+3}
 11459 | D:10     | Killed a two-headed ogre
 11608 | D:10     | Noticed a two-headed ogre
 11616 | D:10     | Killed a two-headed ogre
 12474 | D:10     | Found a snail-covered altar of Cheibriados.
 12767 | D:10     | Reached XP level 12. HP: 108/108 MP: 11/22
 12841 | D:11     | Noticed a boulder beetle
 12971 | D:11     | Killed a boulder beetle
 13036 | D:11     | Noticed a six-headed hydra
 13208 | D:11     | Killed a three-headed hydra
 13209 | D:11     | Reached skill level 11 in Fighting
 13407 | D:11     | Noticed a two-headed ogre
 13416 | D:11     | Killed a two-headed ogre
 13470 | D:11     | Noticed a four-headed hydra
 13481 | D:11     | Killed a one-headed hydra
 13482 | D:11     | Reached skill level 1 in Necromancy
 13541 | D:11     | Noticed a two-headed ogre
 13544 | D:11     | Noticed a six-headed hydra
 13548 | D:11     | Killed a two-headed ogre
 13549 | D:11     | Reached skill level 1 in Long Blades
 13555 | D:11     | Killed a four-headed hydra
 13566 | D:11     | Found an ornate altar of the Wu Jian Council.
 13879 | D:12     | Noticed Josephine
 13893 | D:11     | Killed Josephine
 14526 | D:12     | Found a staircase to the Orcish Mines.
 14584 | D:12     | Noticed Snorg
 14599 | D:12     | Killed Snorg
 14747 | D:13     | Noticed a vault guard
 14747 | D:13     | Noticed a vault guard
 15034 | D:13     | Noticed a tengu warrior
 15040 | D:13     | Killed a tengu warrior
 15045 | D:13     | Reached XP level 13. HP: 117/117 MP: 16/24
 15137 | D:13     | Reached skill level 12 in Fighting
 15545 | Orc:1    | Entered Level 1 of the Orcish Mines
 15545 | Orc:1    | You fall into a shaft and drop 1 floor!
 15545 | Orc:2    | Entered Level 2 of the Orcish Mines
 16330 | Orc:2    | Found a staircase to the Elven Halls.
 16495 | Orc:2    | Learned a level 4 spell: Dispel Undead
 16922 | Orc:2    | Noticed Rupert
 16980 | Orc:2    | Killed Rupert
 16981 | Orc:2    | Reached skill level 5 in Necromancy
 17610 | Orc:1    | Paralysed by an orc sorcerer for 3 turns
 18011 | Orc:2    | Found Husium's Book Shop.
 18011 | Orc:2    | Found Viotaddo's Antique Weapon Emporium.
 18377 | Orc:2    | Reached skill level 10 in Polearms
 18502 | Orc:2    | Found Juem Suf's General Store.
 18502 | Orc:2    | Found Oxeun's Antique Armour Emporium.
 18516 | Orc:2    | Bought a pair of glowing gloves for 247 gold pieces
 18647 | Orc:2    | Bought a book of Necromancy for 176 gold pieces
 18647 | Orc:2    | Bought a book of Unlife for 396 gold pieces
 18651 | Orc:2    | Learned a level 3 spell: Vampiric Draining
 18657 | Orc:2    | Learned a level 5 spell: Borgnjor's Vile Clutch
 18657 | Orc:2    | Bought a book of Blasting for 352 gold pieces
 18657 | Orc:2    | Bought a book of Weapons for 352 gold pieces
 18663 | Orc:2    | Learned a level 5 spell: Excruciating Wounds
 18801 | Lair:1   | Entered Level 1 of the Lair of Beasts
 19010 | Lair:1   | Reached skill level 1 in Earth Magic
 19144 | Lair:1   | You fall into a shaft and drop 1 floor!
 19311 | Lair:2   | Reached skill level 13 in Fighting
 20365 | Lair:2   | Found a runed translucent gate.
 20365 | Lair:2   | Found a runed translucent gate.
 20367 | Lair:2   | Found a runed translucent gate.
 20912 | Lair:2   | Noticed dontdoit's ghost (journeyman HuWn)
 21164 | Lair:3   | Found a hole to the Spider Nest.
 21613 | Lair:3   | Reached XP level 14. HP: 125/129 MP: 17/26
 22090 | Orc:2    | Bought a book of Geomancy for 198 gold pieces
 22095 | Orc:2    | Learned a level 3 spell: Stone Arrow
 22101 | Orc:2    | Learned a level 5 spell: Lee's Rapid Deconstruction
 22443 | Lair:3   | Found the macabre finger necklace {rN+}
 22551 | Lair:4   | Found a staircase to the Shoals.
 22906 | Lair:4   | Found a stormy altar of Qazlal.
 23802 | Lair:5   | Reached skill level 5 in Long Blades
 25054 | Lair:6   | Entered Level 6 of the Lair of Beasts
 25278 | Lair:6   | Found a staircase to the Slime Pits.
 25528 | Lair:6   | Reached skill level 5 in Earth Magic
 26772 | Lair:6   | Reached skill level 14 in Fighting
 27409 | Lair:6   | Found a burning altar of Makhleb.
 27636 | Lair:6   | Reached XP level 15. HP: 116/138 MP: 10/28
 27950 | Lair:6   | Found a gateway to Hell.
 29885 | Shoals:1 | Entered Level 1 of the Shoals
 31032 | Lair:3   | Identified the +10 battleaxe of the Genius {pain, rF+
                  | Will+}
 31554 | Shoals:1 | Reached skill level 1 in Axes
 32187 | Shoals:1 | Noticed a kraken
 32196 | Shoals:1 | Killed a kraken
 32619 | Shoals:1 | Reached skill level 15 in Fighting
 32909 | Shoals:2 | Reached XP level 16. HP: 149/149 MP: 18/29
 34613 | Shoals:3 | Reached skill level 10 in Stealth
 34819 | Shoals:3 | Found a transporter.
 34822 | Shoals:3 | Noticed Zipteul's ghost (adept NaBe)
 34837 | Shoals:3 | Found a transporter.
 35236 | Shoals:3 | Reached skill level 10 in Spellcasting
 35900 | Shoals:4 | Entered Level 4 of the Shoals
 36591 | Shoals:4 | Reached skill level 10 in Evocations
 37140 | Shoals:4 | Noticed Polyphemus
 37352 | Shoals:4 | Noticed Ilsuiw
 37412 | Shoals:3 | Killed Ilsuiw
 38397 | Shoals:4 | Identified the +5 shortbow "Ismev" {venom, rElec rPois
                  | Dex+2}
 38506 | Shoals:4 | Reached skill level 16 in Fighting
 38687 | Shoals:3 | Killed Polyphemus
 39251 | Shoals:4 | Reached XP level 17. HP: 117/152 MP: 2/31
 40336 | Shoals:4 | Identified the +8 dagger "Haruumex" {elec, rN+}
 40491 | Shoals:4 | Got a barnacled rune of Zot
 40643 | Spider:1 | Entered Level 1 of the Spider Nest
 41699 | Lair:3   | Reached skill level 10 in Earth Magic
 42331 | Spider:1 | Reached skill level 5 in Axes
 45022 | Spider:2 | HP: 1/145 [poisoned by a redback]
 45022 | Spider:2 | Mangled by a tarantella

Illustrated notes

Levels and vault maps discovered:
D:1:      co_arrival_square_in_a_square_in_a_square, layout_rooms,
          chequers_ecumenical_altar_simple_redux
D:2:      layout_loops_ring, serial_shops, shop, minmay_unequal
D:3:      layout_rooms, mainiacjoe_overflow_surrounded_room,
          serial_corexii_hall, chequers_hall_statues_wall_a,
          corexii_hall_statues_s, uniq_terence
D:4:      layout_layer_cave, mainiacjoe_overflow_chevrons, minmay_ruptured,
          uniq_robin
D:5:      layout_basic, amcnicky_altar_gilded, temple_hall,
          biasface_ghost_orc_armoury, serial_shops,
          nicolae_shop_bloodbath_and_beyond
D:6:      layout_loops_ring, general_overflow_altar,
          hangedman_decor_clover_reticule
D:7:      layout_rooms, overflow_temple_1_default, minmay_the_grid_2x2
          [minmay_the_grid_aliased_spiral, minmay_the_grid_embedded,
          minmay_the_grid_small_cups, minmay_the_grid_prize_inner_circle],
          uniq_joseph, uniq_duvessa
D:8:      layout_loops_corners, minmay_lair_entry_grove, uniq_prince_ribbit1
D:9:      layout_basic, kennysheep_mini_moat, serial_shops,
          nicolae_shop_behind_doors, uniq_pikel, uniq_maurice
D:10:     layout_small_grid, cheibrodos_worm_habitat,
          mainiacjoe_overflow_boulevard, enter_bailey_6, special_room
          [special_room_bee]
D:11:     layout_big_octagon, minivault_20, minmay_gold_behind_fungi,
          minmay_ruined_shrine
D:12:     layout_roguey, orc_0_dummy, nicolae_underground_beach, uniq_snorg,
          uniq_josephine
D:13:     nzn_winding_woodlands_small
          [nzn_winding_woodlands_5x15_pathside_ponds,
          nzn_winding_woodlands_center_diamonds,
          nzn_winding_woodlands_5x15_zeroes], layout_basic,
          grunt_vaults_entry_fortified
Lair:1:   layout_long_grid
Lair:2:   layout_layer_cave, special_room, ebering_ghost_rock_garden,
          columned_hall_lemuel
Lair:3:   layout_roguey, nicolae_spider_entry_non_spiders, minmay_lindwurm_lava,
          serial_bayou_shore_b
Lair:4:   layout_gridlike, minmay_shoals_entry_centaurs, basic_altar
Lair:5:   layout_cave_pods, chequers_serial_rivers_micro_b, grunt_megastairs_4
Lair:6:   evil_forest, layout_cave_pods, nicolae_slime_entry_slimehenge
Shoals:1: layout_shoals, nicolae_shoals_water_booths
Shoals:2: layout_shoals
Shoals:3: layout_shoals, gammafunk_ghost_berserking_beasts,
          nicolae_shoals_water_shrine
Shoals:4: shoals_end_grunt_ice, layout_shoals, shoals_ilsuiw_ice,
          uniq_polyphemus
Spider:1: layout_spider_delve
Spider:2: layout_spider_delve
Spider:3: layout_spider_delve, uniq_mara
Orc:1:    layout_caves, minmay_orc_temple_a
Orc:2:    st_orc_town, layout_caves, uniq_rupert

Skill      XL: |  1  2  3  4  5  6  7  8  9 10 11 12 13 14 15 16 17 |
---------------+----------------------------------------------------+-----
Fighting       | 4 5 6 7 8 9 10 11 13 14 15 16 | 16.9
Spellcasting   | 1 2 3 4 5 6 7 8 9 10 | 10.8
Stealth        | 2 3 4 5 6 7 8 9 10 11 | 11.1
Evocations     | 1 2 4 5 6 7 8 9 10 | 10.8
Dodging        | 3 0 |  0.0
Fire Magic     | 3 5 6 7 |  7.3
Conjurations   | 2 4 6 7 |  7.3
Polearms       | 4 5 6 7 8 10 11 12 13 | 13.1
Necromancy     | 4 5 7 8 |  8.8
Long Blades    | 2 4 5 7 8 9 |  9.0
Earth Magic    | 2 6 8 9 10 | 10.0
Axes           | 2 4 5 |  5.5

Action                   |  1- 3 |  4- 6 |  7- 9 | 10-12 | 13-15 | 16-18 || total
-------------------------+-------+-------+-------+-------+-------+-------++-------
Melee: Spear             |   114 |    18 |       |       |       |       ||   132
       Tailslap          |    10 |    20 |    58 |    56 |   147 |    89 ||   380
       Halberd           |       |   185 |   386 |   498 |   854 |   358 ||  2281
       Unarmed           |       |       |       |     2 |       |       ||     2
       Scimitar          |       |       |       |    11 |    14 |       ||    25
       Punch             |       |       |       |     1 |       |       ||     1
       Battleaxe         |       |       |       |       |    85 |   182 ||   267
       Triple sword      |       |       |       |       |    42 |       ||    42
       Staff             |       |       |       |       |       |     1 ||     1
Throw: Dart              |       |     9 |    19 |    22 |     9 |       ||    59
       Javelin           |       |       |       |     1 |     3 |     3 ||     7
 Cast: Sticky Flame      |       |       |     1 |   117 |   311 |    54 ||   483
       Stone Arrow       |       |       |       |       |    69 |   236 ||   305
       Borgnjor's Vile C |       |       |       |       |     7 |   123 ||   130
       Excruciating Woun |       |       |       |       |     3 |     2 ||     5
       Lee's Rapid Decon |       |       |       |       |     9 |     3 ||    12
       Vampiric Draining |       |       |       |       |     2 |       ||     2
Invok: Sacrifice Love    |     1 |       |       |       |       |       ||     1
       Sacrifice Drink   |       |     1 |       |       |       |       ||     1
       Power Leap        |       |       |     1 |     1 |     1 |       ||     3
       Sacrifice Nimblen |       |       |     1 |       |       |       ||     1
       Sacrifice Arcana  |       |       |       |     1 |       |       ||     1
       Apocalypse        |       |       |       |       |     2 |     3 ||     5
       Draw Out Power    |       |       |       |       |       |     2 ||     2
Evoke: Wand              |       |       |       |     4 |       |     9 ||    13
  Use: Scroll            |     4 |     4 |     1 |    20 |     8 |     3 ||    40
       Potion            |       |       |       |       |     1 |     2 ||     3
 Stab: Sleeping          |    12 |     3 |     7 |    25 |    36 |     8 ||    91
       Invisible         |       |       |     3 |     5 |     6 |    16 ||    30
       Distracted        |       |       |     2 |     4 |    12 |     5 ||    23
       Paralysed         |       |       |       |     5 |    18 |       ||    23
Armor: Skin              |    20 |    89 |   192 |   258 |   489 |   441 ||  1489
Dodge: Dodged            |    47 |   160 |   233 |   425 |   769 |   395 ||  2029
Block: Other             |       |       |       |   119 |   234 |   159 ||   512
       Reflection        |       |       |       |       |     7 |     3 ||    10
